 Dungeon Crawl Stone Soup version 0.27.1-33-g824d729ab1 (webtiles) character file.

Game seed: 2098131914755885984

319 sking99 the Ruffian (level 6, -1/62 HPs)
             Began as a Troll Monk on Dec 9, 2021.
             Slain by an ogre (15 damage)
             ... on level 3 of the Dungeon.
             The game lasted 00:05:27 (2703 turns).

sking99 the Ruffian (Troll Monk)                    Turns: 2703, Time: 00:05:27

Health: -1/62      AC:  4    Str: 22    XL:     6   Next: 21%
Magic:  5/5        EV: 10    Int:  6    God:
Gold:   142        SH:  0    Dex: 12    Spells: 5/5 levels left

rFire    + . .     SeeInvis .     - Unarmed
rCold    + . .     Faith    .   (no shield)
rNeg     . . .     Spirit   .   a - +0 robe
rPois    +         Reflect  .   (helmet restricted)
rElec    +         Harm     .   (no cloak)
rCorr    +         Rampage  .   (gloves unavailable)
Will     .....                  (boots unavailable)
Stlth    ++........             (no amulet)
HPRegen  1.20/turn              g - ring of flight
MPRegen  0.09/turn              j - ring of poison resistance

@: resistant, flying
A: large, unfitting armour, claws 3, regeneration 1, shaggy fur 1, tough skin 1
a: no special abilities


You were on level 3 of the Dungeon.
You visited 1 branch of the dungeon, and saw 4 of its levels.

You collected 142 gold pieces.

Inventory:

Armour
 a - a +0 robe (worn)
Jewellery
 g - a ring of flight (left claw)
 j - a ring of poison resistance (right claw)
Potions
 b - a potion of might {unknown}
 d - a potion of degeneration {unknown}
 e - 2 potions of mutation
 f - a potion of resistance


   Skills:
 + Level 3.8 Fighting
 - Level 2.4 Dodging
 - Level 1.0 Stealth
 * Level 6.0 Unarmed Combat


You had 5 spell levels left.
You didn't know any spells.
Your spell library contained the following spells:

 Spells                   Type           Power      Damage    Failure   Level
 Blink                    Tloc           N/A        N/A       58%         2
 Sublimation of Blood     Necr           0%         N/A       58%         2
 Wereblood                Tmut           0%         N/A       58%         2
 Lesser Beckoning         Tloc           0%         N/A       83%         3
 Manifold Assault         Tloc           0%         N/A       100%        5
 Summon Hydra             Summ           0%         N/A       100%        7


Dungeon Overview and Level Annotations

Branches:
Dungeon (4/15)
 Temple: D:4-7

Altars:
Nemelex Xobeh

Annotations:
D:3 3 runed translucent doors, sking99's ghost, amateur DjWz


Innate Abilities, Weirdness & Mutations

You are too large for most types of armour.
You have claws for hands.
Your natural rate of healing is unusually fast.
You are covered in fur. (AC +1)
You have tough skin. (AC +1)


Message History

The hound is almost dead.
The hound completely misses you. The hound bites you but does no damage.
You closely miss the hound.
The hound is almost dead.
The hound closely misses you.
You scratch the hound.
You kill the hound!
Your Unarmed Combat skill increases to level 6!
No target in view!
You start resting.
HP restored.
There is an escape hatch in the floor here.
There is a stone staircase leading down here.
You fly downwards.
There is a stone staircase leading up here.
You mangle the quokka!!
You kill the quokka!
Found a gold piece.
The ogre shouts!
The ball python hisses angrily.
There is a stone staircase leading up here.
You mangle the ball python!!
You kill the ball python!
The scorpion stings you.
The ogre hits you with a +0 giant spiked club!!
The phantom barely misses you. The scorpion stings you.
You fly upwards.
Level annotation: 3 runed translucent doors, sking99's ghost, amateur DjWz
There is a stone staircase leading down here.
Unknown command.
You barely miss the phantom. The phantom hits you.
You barely miss the phantom.
The ogre hits you with a +0 giant spiked club!!
* * * LOW HITPOINT WARNING * * *
The phantom completely misses you.
Unknown command.
It was a potion of resistance.
You feel protected.
The ogre hits you with a +0 giant spiked club!
You die...

#### #.# #.#.#
...## #.# #.#.#
##..## #.# #.#.#
.##..####.# #.#.#
^.##....#.# #.#.#
_.^##...#.# #.#.#
....##..#.####.#.#
^....##........#W#
###.^.#^......sO@#
#.#'.##.#.#.######
#..###..#.#.#
##......#.#.#
.....##.#.#.#
#.#.....#.#.#
#...#.###.#.#
###.#...#.#.# #
#.###.#.#.#


You could see a phantom, an ogre and a scorpion.

Vanquished Creatures
  A water moccasin skeleton (D:4)
  A hound (D:3)
  2 orc priests (D:3)
  Terence (D:2)
  A howler monkey zombie (D:3)
  Robin (D:2)
  6 adders
  A worm (D:2)
  2 dart slugs
  4 orcs
  4 endoplasms
  4 giant cockroaches
  9 goblins
  9 hobgoblins
  2 jackals (D:1)
  2 quokkas
  5 ball pythons
  7 bats
  6 frilled lizards
  2 kobolds (D:1)
  7 rats
77 creatures vanquished.

Notes
Turn   | Place    | Note
-------+----------+-------------------------------------------
     0 | D:1      | sking99 the Troll Monk began the quest for the Orb.
     0 | D:1      | Reached XP level 1. HP: 22/22 MP: 0/0
    30 | D:1      | Found a faded altar of an unknown god.
   193 | D:1      | Reached XP level 2. HP: 26/29 MP: 1/1
   568 | D:2      | Noticed Robin
   581 | D:2      | Reached XP level 3. HP: 32/36 MP: 2/2
   585 | D:2      | Killed Robin
   586 | D:2      | Reached skill level 4 in Unarmed Combat
   843 | D:2      | Reached XP level 4. HP: 43/45 MP: 3/3
   971 | D:2      | Noticed Terence
   976 | D:2      | Killed Terence
  1470 | D:3      | Noticed sking99's ghost (amateur DjWz)
  1474 | D:3      | Found a runed translucent gate.
  1474 | D:3      | Found a runed translucent gate.
  1474 | D:3      | Found a runed translucent gate.
  1509 | D:3      | Reached skill level 5 in Unarmed Combat
  1565 | D:3      | Reached XP level 5. HP: 53/53 MP: 4/4
  1588 | D:3      | Found a sparkling altar of Nemelex Xobeh.
  2334 | D:4      | Reached XP level 6. HP: 46/62 MP: 5/5
  2633 | D:3      | Reached skill level 6 in Unarmed Combat
  2703 | D:3      | Slain by an ogre

Illustrated notes

Levels and vault maps discovered:
D:1:      dpeg_arrival_court, layout_rooms, hellmonk_ecumenical_altar_blasted
D:2:      layout_loops_ring, uniq_terence, uniq_robin
D:3:      layout_basic, nemelex_spade_bored_becter, ebering_ghost_rock_garden,
          hangedman_decor_clover_reticule
D:4:      layout_layer_cave

Skill      XL: |  1  2  3  4  5  6 |
---------------+-------------------+-----
Unarmed Combat | 4 5 6 |  6.0
Fighting       | 3 |  3.8
Dodging        | |  2.4
Stealth        | |  1.0

Action                   |  1- 3 |  4- 6 || total
-------------------------+-------+-------++-------
Melee: Unarmed           |   109 |   107 ||   216
       Punch             |     2 |     2 ||     4
  Use: Scroll            |       |     6 ||     6
       Potion            |       |     1 ||     1
 Stab: Sleeping          |     3 |     2 ||     5
       Distracted        |       |     1 ||     1
Armor: Robe              |    31 |    40 ||    71
Dodge: Dodged            |    51 |    86 ||   137
